 Dungeon Crawl Stone Soup version 0.31-a0-988-g08d55dae12 (webtiles) character file.

Game seed: 14583079508370974028

11332 Pixllover the Geomancer (level 11, -2/64 HPs)
             Began as a Gargoyle Earth Elementalist on Nov 5, 2023.
             Was a Follower of Vehumet.
             Slain by a cane toad (7 damage)
             ... on level 1 of the Lair of Beasts.
             The game lasted 00:29:59 (8898 turns).

Pixllover the Geomancer (GrEE)                      Turns: 8898, Time: 00:29:59

Health: -2/64      AC: 16    Str:  7    XL:     11   Next: 76%
Magic:  19/24      EV: 14    Int: 21    God:    Vehumet [*.....]
Gold:   544        SH:  0    Dex: 10    Spells: 18/28 levels left

rFire   . . .        e - +2 dagger (venom)
rCold   + + .        (no shield)
rNeg    + . .        a - +0 robe
rPois   ∞            g - +0 helmet
rElec   +            r - +0 cloak
rCorr   .            c - +2 pair of gloves
SInv    +            m - +0 pair of boots
Will    .....        d - amulet "Soco" {+Inv rC++ Regen+ Str-4 SInv}
Stlth   +++          (no ring)
HPRegen 1.10/turn    (no ring)
MPRegen 0.19/turn

%: no passive effects
@: no status effects
A: sickness immunity, AC +8, negative energy resistance 1, electricity
resistance, torment resistance 1, petrification resistance
a: Renounce Religion, Evoke Invisibility


You were on level 1 of the Lair of Beasts.
You worshipped Vehumet.
Vehumet was aware of your devotion.
You visited 3 branches of the dungeon, and saw 13 of its levels.

You collected 680 gold pieces.
You spent 136 gold pieces at shops.

Inventory:

Hand Weapons
 e - a +2 dagger of venom (weapon)
Missiles
 B - 27 poisoned darts (quivered)
 G - 4 atropa-tipped darts
 N - 9 curare-tipped darts
Armour
 a - a +0 robe (worn)
 c - a +2 pair of gloves (worn)
 g - a +0 helmet (worn)
 m - a +0 pair of boots (worn)
 r - a +0 cloak (worn)
 H - +0 acid dragon scales
Jewellery
 d - the amulet "Soco" (around neck) {+Inv rC++ Regen+ Str-4 SInv}
   (You acquired it on level 3 of the Dungeon)

   [amulet of regeneration]

   Str-4:     It affects your strength (-4).
   rC++:      It greatly protects you from cold.
   SInv:      It lets you see invisible.
   +Inv:      It lets you turn invisible.
   Regen+:    It increases your rate of health regeneration.
 o - a ring of ice
 w - an amulet of magic regeneration
 A - a +6 ring of strength
 E - the amulet "Nibek" {Faith rC++ Slay+5}
   (You found it on level 8 of the Dungeon)

   [amulet of faith]

   Faith:     It allows you to gain divine favour quickly.
   Slay+5:    It affects your accuracy & damage with ranged weapons and melee
   (+5).
   rC++:      It greatly protects you from cold.
 L - a +6 ring of strength
Wands
 l - a wand of polymorph (9)
 u - a wand of paralysis (18)
 F - a wand of flame (15)
Scrolls
 f - 2 scrolls of fog
 h - 2 scrolls of fear
 i - 4 scrolls of immolation
 n - a scroll of torment {unknown}
 p - 3 scrolls of vulnerability
 q - a scroll of teleportation
 t - a scroll of amnesia
 x - 2 scrolls of revelation {unknown}
 y - 2 scrolls of enchant weapon {unknown}
 z - 2 scrolls of enchant armour {unknown}
 D - a scroll of blinking {unknown}
 J - 2 scrolls of identify
Potions
 b - 6 potions of magic
 j - 2 potions of lignification {unknown}
 k - 2 potions of attraction {unknown}
 s - 5 potions of curing
 v - 4 potions of ambrosia
 C - a potion of heal wounds
 I - a potion of experience {unknown}
 K - a potion of resistance {unknown}
 M - a potion of might {unknown}
 O - a potion of brilliance {unknown}


   Skills:
 + Level 5.5 Fighting
 + Level 6.5 Short Blades
 + Level 6.8 Dodging
 + Level 4.9 Stealth
 + Level 1.1 Unarmed Combat
 + Level 9.0 Spellcasting
 + Level 1.4 Conjurations
 + Level 0.7 Transmutations
 + Level 11.7 Earth Magic


You had 18 spell levels left.
You knew the following spells:

 Your Spells              Type           Power      Damage    Failure   Level
a - Sandblast             Erth           100%       2d20      1%          1
b - Passwall              Tmut/Erth      29%        N/A       1%          2
c - Stone Arrow           Conj/Erth      74%        3d11      1%          3
d - Brom's Barrelling Bo  Conj/Erth      37%        2d6       4%          4

Your spell library contained the following spells:

 Spells                   Type           Power      Damage    Failure   Level
 Freeze                   Ice            36%        1d5       7%          1
 Petrify                  Tmut/Erth      35%        N/A       5%          4
 Apportation              Tloc           18%        N/A       7%          1
 Necrotise                Necr           36%        1d5       7%          1
 Summon Small Mammal      Summ           36%        N/A       7%          1
 Momentum Strike          Conj/Tloc      24%        3d8       9%          2
 Blink                    Tloc           18%        N/A       11%         2
 Lesser Beckoning         Tloc           18%        N/A       11%         2
 Hailstorm                Conj/Ice       12%        3d5       16%         3
 Summon Ice Beast         Ice/Summ       9%         N/A       56%         4
 Simulacrum               Ice/Necr       4%         N/A       100%        6


Dungeon Overview and Level Annotations

Branches:
Dungeon (11/15)            Temple (1/1) D:7            Lair (1/5) D:9
    Orc: D:9-12

Altars:
Ashenzari
Cheibriados
Dithmenos
Elyvilon
Fedhas
Gozag
Hepliaklqana
Kikubaaqudgha
Makhleb
Nemelex Xobeh
Okawaru
Qazlal
Ru
Sif Muna
Trog
Uskayaw
Vehumet
Wu Jian
Xom
Yredelemnul
Zin
The Shining One

Shops:
D:6 *   D:8 *   D:10 *


Innate Abilities, Weirdness & Mutations

You are immune to sickness and miasma.
Your stone body is resilient. (AC +8)
You are immune to poison.
You resist negative energy. (rN+)
You are resistant to electric shocks. (rElec)
You are resistant to unholy torment.
You are immune to petrification.


Message History

A cane toad comes into view.
A black mamba comes into view.
Casting: Sandblast (safe; 1% risk of failure)
Confirm with . or Enter, or press ? or * to list all spells.
Aiming: Sandblast (safe; 1% risk of failure)
Press: ? - help, Shift-Dir - straight line, f - black mamba
Aim: a black mamba (asleep, 100% to hit)
The blast of sand hits the black mamba!!
The black mamba is heavily wounded.
The black mamba hisses angrily.
The black mamba closely misses you.
You closely miss the black mamba.
The black mamba is heavily wounded.
The black mamba bites you. The cane toad stings you.
* * * LOW HITPOINT WARNING * * *
The yak bellows!
You hit the cane toad but do no damage. The black mamba completely misses you.
The cane toad misses you. The black mamba barely misses you.
Casting: Sandblast (safe; 1% risk of failure)
Confirm with . or Enter, or press ? or * to list all spells.
Aiming: Sandblast (safe; 1% risk of failure)
Press: ? - help, Shift-Dir - straight line, f/p - black mamba
Aim: a black mamba (heavily wounded, 76% to hit)
The blast of sand hits the black mamba.
The black mamba is severely wounded.
The black mamba bites you.
* * * LOW HITPOINT WARNING * * *
The cane toad misses you. The black mamba barely misses you.
Casting: Sandblast (safe; 1% risk of failure)
Confirm with . or Enter, or press ? or * to list all spells.
Aiming: Sandblast (safe; 1% risk of failure)
Press: ? - help, Shift-Dir - straight line, f/p - black mamba
Aim: a black mamba (severely wounded, 76% to hit)
The blast of sand misses the black mamba.
The black mamba bites you!
* * * LOW HITPOINT WARNING * * *
The cane toad misses you. The black mamba bites you.
* * * LOW HITPOINT WARNING * * *
The cane toad stings you!
You die...

..[##.##..P#
.......#.Y##
.?.#..##..### ..
#.####†..###### .
..#....Y##....#
..........Y....#
....#...........#
.....#####..#..#.#####
..##.# #..#...@S...#
#..#...F....#
...###......# #.....##
#######


You could see a black mamba, 2 yaks and a cane toad.

Vanquished Creatures
  2 two-headed ogres
  Joseph (D:8)
  A black mamba (Lair:1)
  Maggie (D:8)
  Psyche (D:7)
  A kobold demonologist (D:11)
  4 trolls
  Prince Ribbit (D:7)
  A hornet (D:9)
  2 shadows
  2 wyverns
  15 yaks
  3 basilisks
  A steam dragon (D:8)
  4 vampire mosquitoes (D:10)
  Edmund (D:6)
  2 acid dragons
  3 water moccasins
  5 orc warriors
  3 black bears
  A sky beast (D:7)
  2 ogres
  5 centaurs
  A phantom (D:4)
  4 kobold brigands
  3 scorpions
  4 bullfrogs
  2 howler monkeys (D:11)
  2 hounds
  A jelly (D:2)
  A gnoll bouda (D:4)
  7 orc priests
  2 sleepcaps
  An iguana (D:6)
  4 orc wizards
  9 gnolls
  6 adders
  A white imp (D:7)
  2 ufetubi (D:5)
  A worm (D:4)
  2 dart slugs
  17 orcs
  10 bats
  8 endoplasms
  4 giant cockroaches
  10 goblins
  5 hobgoblins
  7 jackals
  17 kobolds
  2 quokkas (D:3)
  A ball python (D:2)
  4 frilled lizards
  5 rats
205 creatures vanquished.

Vanquished Creatures (collateral kills)
  2 boulders (D:10)
2 creatures vanquished.

Vanquished Creatures (others)
  A boulder (D:10)
1 creature vanquished.

Grand Total: 208 creatures vanquished

Notes
Turn   | Place    | Note
-------+----------+-------------------------------------------
     0 | D:1      | Pixllover the Gargoyle Earth Elementalist began the quest
                  | for the Orb.
     0 | D:1      | Reached XP level 1. HP: 10/10 MP: 3/3
    78 | D:1      | Reached skill level 4 in Earth Magic
   131 | D:1      | Reached XP level 2. HP: 15/15 MP: 3/5
   561 | D:1      | Reached XP level 3. HP: 19/19 MP: 6/6
  1005 | D:2      | Reached XP level 4. HP: 24/24 MP: 2/7
  1255 | D:2      | Learned a level 2 spell: Passwall
  1638 | D:3      | Reached skill level 5 in Earth Magic
  1639 | D:3      | Identified a scroll of acquirement
  1639 | D:3      | Acquired the amulet "Soco" {+Inv rC++ Regen+ Str-4 SInv}
  1799 | D:3      | Reached skill level 1 in Short Blades
  2014 | D:3      | Found a faded altar of an unknown god.
  2166 | D:4      | Reached XP level 5. HP: 26/28 MP: 6/9
  2256 | D:4      | Noticed a black bear
  2261 | D:4      | Killed a black bear
  2262 | D:4      | Reached XP level 6. HP: 33/33 MP: 6/10
  2410 | D:4      | Reached skill level 1 in Fighting
  2478 | D:4      | Reached XP level 7. HP: 38/38 MP: 10/12
  2684 | D:5      | Entered Level 5 of the Dungeon
  2869 | D:5      | Reached skill level 6 in Earth Magic
  3205 | D:5      | Reached XP level 8. HP: 43/43 MP: 11/14
  3313 | D:5      | Found an iron altar of Okawaru.
  3313 | D:5      | Found a glowing silver altar of Zin.
  3321 | D:5      | Found a glowing golden altar of the Shining One.
  3324 | D:5      | Found a white marble altar of Elyvilon.
  3326 | D:5      | Found an opulent altar of Gozag.
  3374 | D:5      | Found a stormy altar of Qazlal.
  3534 | D:6      | Noticed Edmund
  3554 | D:6      | Killed Edmund
  3562 | D:6      | Reached skill level 7 in Earth Magic
  3612 | D:6      | Identified the +3 hand axe of the World {freeze, Drain
                  | rPois Str+8 Dex-5}
  3729 | D:6      | Reached skill level 5 in Spellcasting
  4056 | D:6      | Found Mocihuck's General Store.
  4486 | D:7      | Found a staircase to the Ecumenical Temple.
  4515 | D:7      | Reached skill level 8 in Earth Magic
  4515 | D:7      | Reached XP level 9. HP: 18/49 MP: 15/17
  4530 | Temple   | Entered the Ecumenical Temple
  4536 | Temple   | Became a worshipper of Vehumet
  4843 | D:8      | Noticed Psyche
  4843 | D:8      | Noticed Maggie
  5208 | D:7      | Killed Psyche
  5209 | D:7      | Reached skill level 5 in Dodging
  5336 | D:8      | Identified the amulet "Nibek" {Faith rC++ Slay+5}
  5548 | D:8      | Found a shadowy altar of Dithmenos.
  5556 | D:8      | Noticed Prince Ribbit
  5556 | D:8      | Noticed Joseph
  5592 | D:7      | Killed Prince Ribbit
  5681 | D:8      | Killed Joseph
  5741 | D:8      | Found Secy's General Store.
  5749 | D:8      | Bought a potion of heal wounds for 60 gold pieces
  5852 | D:8      | Reached skill level 1 in Unarmed Combat
  5852 | D:8      | Reached skill level 9 in Earth Magic
  5950 | D:8      | Killed Maggie
  5951 | D:8      | Reached XP level 10. HP: 33/56 MP: 14/20
  6164 | D:9      | Found a staircase to the Lair.
  6181 | D:8      | Reached skill level 5 in Short Blades
  6212 | D:9      | Noticed a two-headed ogre
  6217 | D:9      | Killed a two-headed ogre
  6465 | D:9      | Found an ornate altar of the Wu Jian Council.
  6482 | D:9      | Reached skill level 10 in Earth Magic
  6497 | D:9      | Learned a level 3 spell: Stone Arrow
  6671 | D:9      | Reached * piety under Vehumet
  6671 | D:9      | Offered knowledge of Freeze by Vehumet.
  6962 | D:9      | Reached XP level 11. HP: 62/62 MP: 23/23
  7082 | D:9      | Reached skill level 1 in Conjurations
  7289 | D:10     | Entered Level 10 of the Dungeon
  7300 | D:10     | Reached skill level 11 in Earth Magic
  7307 | D:10     | Learned a level 4 spell: Brom's Barrelling Boulder
  7354 | D:10     | Noticed a two-headed ogre
  7362 | D:10     | Killed a two-headed ogre
  7822 | D:10     | Reached skill level 5 in Fighting
  8098 | D:10     | Found Apanenk's General Store.
  8102 | D:10     | Bought 4 curare-tipped darts for 76 gold pieces
  8335 | D:11     | Noticed a skeletal warrior
  8335 | D:11     | Noticed a skeletal warrior
  8335 | D:11     | Noticed a skeletal warrior
  8335 | D:11     | Noticed a skeletal warrior
  8703 | D:15     | Identified the of Vuwafitz
  8703 | Lair:1   | Identified the "Paobeteo"
  8703 | Lair:1   | Entered Level 1 of the Lair of Beasts
  8886 | Lair:1   | HP: 3/64 [yak (1)]
  8898 | Lair:1   | Slain by a cane toad

Illustrated notes

Levels and vault maps discovered:
D:1:      orjb1_lava_funnel, layout_loops_corners, st_stairs_3, fountainhead
D:2:      layout_rooms, serial_bayou_pond_e, kennysheep_path_1
D:3:      layout_loops_ring, ebering_ecumenical_altar_rust, fountainhead,
          grunt_ministairs_14
D:4:      layout_rooms
D:5:      layout_loops_ring, kennysheep_mini,
          chequers_temple_overflow_minitemple, mrwooster_statue_mirror
D:6:      layout_gridville, serial_shops, kennysheep_little_box,
          dk_noncrumbling_3, uniq_edmund
D:7:      layout_cave_pods, minmay_temple_entry_large_hall
D:8:      layout_rooms, grunt_dithmenos_smoke, serial_rivers,
          chequers_serial_rivers_marsh, chequers_serial_rivers_large_b,
          chequers_serial_rivers_micro_e, chequers_serial_rivers_micro_a,
          chequers_serial_rivers_micro_a, chequers_serial_rivers_room_a,
          serial_shops, shop, uniq_psyche, uniq_joseph, uniq_maggie,
          uniq_prince_ribbit1
D:9:      layout_irregular_city, nicolae_wu_jian_wuxing_cycle,
          minmay_lair_entry_grove
D:10:     layout_basic, serial_shops, nicolae_shop_back_alley_shop,
          dk_noncrumbling_4
D:11:     layout_irregular_city
Temple:   zaba_magenta_temple
Lair:1:   layout_misc_corridors, grunt_megastairs_4

Skill      XL: |  1  2  3  4  5  6  7  8  9 10 11 |
---------------+----------------------------------+-----
Earth Magic    | 4 5 6 8 9 10 11 | 11.7
Dodging        | 2 3 4 5 6 |  6.8
Short Blades   | 1 2 3 4 5 6 |  6.5
Stealth        | 3 4 |  4.9
Spellcasting   | 3 4 5 6 8 9 |  9.0
Fighting       | 1 2 3 4 5 |  5.5
Unarmed Combat | 1 |  1.1
Conjurations   | 1 |  1.4
Transmutations | |  0.7

Action                     |  1- 3 |  4- 6 |  7- 9 | 10-12 || total
---------------------------+-------+-------+-------+-------++-------
  Melee: Unarmed           |     1 |       |     6 |       ||     7
         Dagger            |    19 |   137 |   266 |   310 ||   732
         Punch             |     1 |     1 |     2 |     5 ||     9
   Cast: Sandblast         |    20 |    27 |    64 |    79 ||   190
         Stone Arrow       |       |       |       |    19 ||    19
         Brom's Barrelling |       |       |       |     3 ||     3
    Use: Scroll            |       |     5 |     6 |     1 ||    12
         Potion            |       |       |       |     2 ||     2
   Stab: Sleeping          |     1 |     3 |       |     1 ||     5
 Armour: Robe              |    19 |    74 |   235 |   285 ||   613
         Skin              |       |       |     3 |       ||     3
  Dodge: Dodged            |    19 |    98 |   229 |   234 ||   580

Table legend: (Time is in decaauts)
 A = Elapsed time spent in this place.
 B = Non-inter-level travel time spent in this place.
 C = Inter-level travel time spent in this place.
 D = Time resting spent in this place.
 E = Time spent auto-exploring this place.
 F = Levels seen in this place.
 G = Mean time per level.
                   A        B        C        D        E       F      G
               +--------+--------+--------+--------+--------+-----+--------+
         Total |   8916 |   8693 |    223 |    289 |   4650 |  13 |  685.8 |
       Dungeon |   8717 |   8495 |    222 |    289 |   4607 |  11 |  792.5 |
        Temple |     12 |     12 |      0 |      0 |      0 |   1 |   12.0 |
          Lair |    185 |    185 |      0 |      0 |     43 |   1 |  185.0 |
               +--------+--------+--------+--------+--------+-----+--------+

Top non-repeatable levels by time:
     D:9: 1208 daAuts
     D:7: 1127 daAuts
    D:10: 1082 daAuts
     D:1: 987 daAuts
     D:8: 857 daAuts
     D:5: 804 daAuts
     D:6: 733 daAuts
     D:3: 731 daAuts
     D:4: 542 daAuts
     D:2: 465 daAuts
  Lair:1: 185 daAuts
    D:11: 177 daAuts
  Temple: 12 daAuts
